 Dungeon Crawl Stone Soup version 0.28-a0-1415-g7c84da036a (webtiles) character file.

Game seed: 9460990973561748736

13 navier the Stinger (level 2, 0/19 HPs)
             Began as a Merfolk Venom Mage on Jan 7, 2022.
             Was a Follower of Sif Muna.
             Slain by an adder (3 damage)
             ... on level 2 of the Dungeon.
             The game lasted 00:25:16 (1670 turns).

navier the Stinger (Merfolk Venom Mage)             Turns: 1670, Time: 00:25:16

Health: 0/19       AC:  2    Str:  8    XL:     2   Next: 37%
Magic:  5/5        EV: 12    Int: 14    God:    Sif Muna [*.....]
Gold:   13         SH:  0    Dex: 14    Spells: 2/5 levels left

rFire   . . .      SeeInvis .   g - +0 spear
rCold   . . .      Faith    .   (no shield)
rNeg    . . .      Spirit   .   e - +0 robe
rPois   .          Reflect  .   (no helmet)
rElec   .          Harm     .   (no cloak)
rCorr   +          Rampage  .   (no gloves)
Will    .....                   (no boots)
Stlth   ++........              (no amulet)
HPRegen 0.06/turn               f - ring of resist corrosion
MPRegen 0.09/turn               (no ring)

@: no status effects
A: (nimble swimmer 2), mertail
a: Renounce Religion, Channel Magic


You were on level 2 of the Dungeon.
You worshipped Sif Muna.
Sif Muna was aware of your devotion.
You visited 1 branch of the dungeon, and saw 2 of its levels.

You collected 13 gold pieces.

Inventory:

Hand Weapons
 b - a +0 giant spiked club
 c - a +0 dagger
 d - a +0 club
 g - a +0 spear (weapon)
Missiles
 h - 17 stones
Armour
 a - a +0 robe
 e - a +0 robe (worn)
Jewellery
 f - a ring of resist corrosion (left hand)


   Skills:
 + Level 2.8 Dodging
 + Level 2.5 Stealth
 + Level 0.2 Unarmed Combat
 + Level 2.1 Spellcasting
 + Level 1.3 Transmutations
 + Level 3.6 Poison Magic


You had 2 spell levels left.
You knew the following spells:

 Your Spells              Type           Power      Damage    Failure   Level
a - Sting                 Tmut/Pois      32%        1d4       9%          1
b - Poisonous Vapours     Pois/Air       12%        N/A       17%         2

Your spell library contained the following spells:

 Spells                   Type           Power      Damage    Failure   Level
 Mephitic Cloud           Conj/Pois/Air  4%         N/A       38%         3
 Olgreb's Toxic Radiance  Pois           11%        N/A       45%         4


Dungeon Overview and Level Annotations

Branches:
Dungeon (2/15)

Altars:
Sif Muna


Innate Abilities, Weirdness & Mutations

((You are very nimble when in or above water. (Stealth+, EV+, Speed+++)))
Your lower body shifts to a powerful aquatic tail in water.


Message History

You hit the bat.
The bat is moderately wounded.
The bat barely misses you. The bat hits you but does no damage.
You barely miss the bat.
The bat is moderately wounded.
The bat hits you. The bat hits you but does no damage.
You miss the bat.
The bat is moderately wounded.
The bat barely misses you.
You barely miss the bat.
The bat is moderately wounded.
The bat hits you but does no damage.
g - a +0 spear (weapon)
You hit the bat.
You kill the bat!
Sif Muna accepts your kill.
Found a scroll labelled TUFALU FAPIKK.
i - a scroll labelled TUFALU FAPIKK
As you read the scroll labelled TUFALU FAPIKK, it crumbles to dust.
A profound silence engulfs you.
It was a scroll of silence.
Your hearing returns.
There is a stone staircase leading down here.
You climb downwards.
There is a stone staircase leading up here.
An adder comes into view.
Found 14 gold pieces.
Found a stone staircase leading down.
The adder hisses angrily.
You closely miss the adder. The adder bites you.
You are poisoned.
The adder poisons you!
You miss the adder.
You feel sick. The adder bites you. x2
You hit the adder but do no damage.
You feel sick. The adder closely misses you.
You barely miss the adder.
You feel sick. The adder misses you. The adder bites you.
* * * LOW HITPOINT WARNING * * *
You closely miss the adder.
You feel sick.
You are no longer poisoned.
The adder bites you.
You die...

### ..# #.# # #.#
#.#.# #.#.#
###.#.########.####
###.........S@.......
...>.........$.......
.####.#.#.....##.####
#.#.#.....##.#### #
#.#...........
#.#.....###.#######
#.#...............#
#.##+####.....###.#
#.............# #.#


You could see an adder.

Vanquished Creatures
  A bat (D:1)
  2 endoplasms (D:1)
  A giant cockroach (D:1)
  2 goblins (D:1)
  A quokka (D:1)
  2 frilled lizards (D:1)
  3 rats (D:1)
12 creatures vanquished.

Vanquished Creatures (others)
  4 plants (D:1)
4 creatures vanquished.

Grand Total: 16 creatures vanquished

Notes
Turn   | Place    | Note
-------+----------+-------------------------------------------
     0 | D:1      | navier the Merfolk Venom Mage began the quest for the Orb.
     0 | D:1      | Reached XP level 1. HP: 13/13 MP: 3/3
   419 | D:1      | Reached XP level 2. HP: 6/19 MP: 5/5
   661 | D:1      | Found a faded altar of an unknown god.
   674 | D:1      | Prayed at the altar of an unknown god.
   674 | D:1      | Became a worshipper of Sif Muna the Loreminder
   674 | D:1      | Reached * piety under Sif Muna
   678 | D:1      | Learned a level 2 spell: Poisonous Vapours
  1670 | D:2      | Slain by an adder

Illustrated notes

Levels and vault maps discovered:
D:1:      mrwooster_arrival_statue_3, layout_loops_ring,
          shapermc_ecumenical_altar_mp_ritualfount
D:2:      layout_basic, serial_shops, shop

Action                   || total
-------------------------++-------
Melee: Dagger            ||    85
       Unarmed           ||    15
       Punch             ||     1
       Spear             ||     6
  Use: Scroll            ||     2
 Stab: Sleeping          ||     3
Armor: Robe              ||    31
Dodge: Dodged            ||    62

Table legend: (Time is in decaauts)
 A = Elapsed time spent in this place.
 B = Non-inter-level travel time spent in this place.
 C = Inter-level travel time spent in this place.
 D = Time resting spent in this place.
 E = Time spent auto-exploring this place.
 F = Levels seen in this place.
 G = Mean time per level.
                   A        B        C        D        E       F      G
               +--------+--------+--------+--------+--------+-----+--------+
         Total |   1666 |   1663 |      3 |    565 |      0 |   2 |  833.0 |
       Dungeon |   1666 |   1663 |      3 |    565 |      0 |   2 |  833.0 |
               +--------+--------+--------+--------+--------+-----+--------+

Top non-repeatable levels by time:
     D:1: 1603 daAuts
     D:2: 62 daAuts
